 Dungeon Crawl Stone Soup version 0.22-a0-831-g6c6de77 (webtiles) character file.

1173 MatthieuS the Shooter (level 8, 0/67 HPs)
             Began as a Centaur Warper on July 21, 2018.
             Was a Believer of Okawaru.
             Succumbed to a killer bee's poison
             ... on level 5 of the Dungeon on July 24, 2018.
             The game lasted 00:31:07 (10262 turns).

MatthieuS the Shooter (Centaur Warper)             Turns: 10262, Time: 00:31:08

Health: 0/67       AC:  7    Str: 18    XL:     8   Next: 18%
Magic:  6/12       EV: 10    Int: 18    God:    Okawaru [**....]
Gold:   47         SH:  0    Dex:  9    Spells: 6/13 levels left

rFire    + . .     SeeInvis .   f - +0 trident
rCold    . . .     Gourm    .   (no shield)
rNeg     . . .     Faith    .   h - +3 leather armour {rF+}
rPois    .         Spirit   .   (no helmet)
rElec    .         Reflect  .   (no cloak)
rCorr    +         Harm     .   (no gloves)
MR       .....                  (no barding)
Stlth    ..........             (no amulet)
HPRegen  0.21/turn              l - ring of resist corrosion
MPRegen  0.13/turn              i - +3 ring of strength

@: brilliant, lethally poisoned (0 -> -6), very quick
A: large, hooves 3, deformed body, speed 2, tough skin 3
a: Heroism, Renounce Religion


You were on level 5 of the Dungeon.
You worshipped Okawaru.
Okawaru was pleased with you.
You were hungry.

You visited 1 branch of the dungeon, and saw 9 of its levels.

You collected 287 gold pieces.
You spent 240 gold pieces at shops.

Inventory:

Hand Weapons
 a - a +0 shortbow
   (You took it off a centaur on level 5 of the Dungeon)
 f - a +0 trident (weapon)
   (You found it on level 5 of the Dungeon)
 m - a +3 dagger
   (You found it on level 1 of the Dungeon)
 w - a +0 spear
Missiles
 c - 9 tomahawks (quivered)
 k - 168 arrows
Armour
 h - a +3 leather armour of fire resistance (worn)
   (You bought it in a shop on level 4 of the Dungeon)
Jewellery
 i - a +3 ring of strength (right hand)
   (You found it on level 1 of the Dungeon)
 l - a ring of resist corrosion (left hand)
   (You found it on level 1 of the Dungeon)
Scrolls
 o - a scroll of magic mapping
Comestibles
 e - 4 rations


   Skills:
 + Level 4.9 Fighting
 - Level 1.7 Polearms
 * Level 5.1 Bows
 - Level 1.1 Throwing
 - Level 2.6 Armour
 - Level 3.0 Dodging
 - Level 3.1 Spellcasting
 - Level 4.0 Translocations
 - Level 2.5 Invocations


You had 6 spell levels left.
You knew the following spells:

 Your Spells              Type           Power        Failure   Level  Hunger
a - Shroud of Golubria    Chrm/Tloc      ###.......   1%          2    ##.....
b - Blink                 Tloc           N/A          1%          2    ##.....
c - Gell's Gravitas       Tloc           ####......   1%          3    ###....

Your spell library contained the following spells:

 Spells                   Type           Power        Failure   Level  Hunger
 Teleport Other           Tloc           ####....     1%          3    ###....
 Spider Form              Tmut/Pois      ##........   7%          3    ###....
 Blade Hands              Tmut           ##........   43%         5    ######.
 Ice Form                 Ice/Tmut       ##......     19%         4    ####...
 Sticks to Snakes         Tmut           ##......     3%          2    ##.....
 Passage of Golubria      Tloc           N/A          4%          4    ####...
 Beastly Appendage        Tmut           ##....       2%          1    None
 Lesser Beckoning         Tloc           ####......   1%          3    ###....


Dungeon Overview and Level Annotations

Branches:
Dungeon (9/15)               Lair (0/6) D:8             Orc (0/2) D:9
 Temple: D:4-7

Altars:
Makhleb
Okawaru
Trog

Shops:
D:4 [

Annotations:
D:9 Harold


Innate Abilities, Weirdness & Mutations

You have hooves in place of feet.
Armour fits poorly on your strangely shaped body.
You cover ground very quickly.
You have extremely tough skin. (AC +3)


Message History

You feel sick.
Firing (i - inventory. (/) - cycle)
k - 169 arrows (quivered)
Aim: a killer bee You shoot an arrow.
The arrow misses the killer bee.
The killer bee stings you but does no damage.
Wield which item (- for none, * to show all)? (? for menu, Esc to quit)
f - a +0 trident (weapon)
You feel sick. The killer bee completely misses you.
You closely miss the killer bee. Your kick misses the killer bee.
The killer bee stings you.
* * * LOW HITPOINT WARNING * * *
The killer bee stings you but does no damage.
You feel better. The killer bee stings you!
* * * LOW HITPOINT WARNING * * *
The killer bee stings you.
* * * LOW HITPOINT WARNING * * *
You are poisoned.
The killer bee poisons you!
You barely miss the killer bee.
You feel sick. The killer bee closely misses you. The killer bee misses you.
The killer bee stings you but does no damage.
Unknown command.
You barely miss the killer bee. Your kick misses the killer bee.
You feel sick. The killer bee stings you.
* * * LOW HITPOINT WARNING * * *
The killer bee stings you.
* * * LOW HITPOINT WARNING * * *
You are lethally poisoned!
The killer bee poisons you!
You closely miss the killer bee.
* * * LOW HITPOINT WARNING * * *
You feel sick. The killer bee barely misses you. x2
You closely miss the killer bee.
* * * LOW HITPOINT WARNING * * *
You feel sick. The killer bee barely misses you.
The killer bee closely misses you. The killer bee stings you.
* * * LOW HITPOINT WARNING * * *
It was a potion of brilliance.
You feel clever all of a sudden.
* * * LOW HITPOINT WARNING * * *
You feel sick. The killer bee stings you.
* * * LOW HITPOINT WARNING * * *
The killer bee closely misses you.
You miss the killer bee.
* * * LOW HITPOINT WARNING * * *
You feel sick. The killer bee closely misses you.
The killer bee barely misses you.
Unknown command.
You blink.
You die...

#....####.....## #.......^..
#......###.....# #..........
#####..............# #..........
...##.........ยง....##
##.........
...##.........y.....####.[.......
...#..........(......##..........
...#.................#..##......#
...#..........(.>......###...####
...#............@......# #####
...#............>[.....#
.................).....##
##......................#
##......................# #
##....................## ##
##...................# #.
##.................## #.
##..).............### #.


You could see a killer bee.

Vanquished Creatures
  An orc warrior (D:4)
  2 ice beasts (D:6)
  An ogre (D:5)
  A centaur (D:5)
  A bullfrog (D:5)
  2 scorpions (D:4)
  A howler monkey (D:4)
  A crimson imp (D:6)
  A centaur zombie (D:5)
  A hound (D:1)
  2 orc priests
  Jessica (D:2)
  Terence (D:3)
  4 orc wizards
  2 worker ants
  4 gnolls (D:4)
  An adder (D:3)
  2 oozes
  An adder skeleton (D:4)
  A worm (D:3)
  2 dart slugs (D:1)
  3 leopard geckos
  13 orcs
  A bat (D:2)
  A giant cockroach (D:4)
  11 goblins
  10 hobgoblins
  2 jackals (D:2)
  5 kobolds
  4 quokkas
  3 ball pythons
  8 frilled lizards
  10 rats
104 creatures vanquished.

Notes
Turn   | Place    | Note
-------+----------+-------------------------------------------
     0 | D:1      | MatthieuS the Centaur Warper began the quest for the Orb.
     0 | D:1      | Reached XP level 1. HP: 17/17 MP: 3/3
     0 | D:1      | Upgraded the game from 0.22-a0-800-g058c00f to 0.22-a0-811-gbf23809
   322 | D:1      | Reached skill level 1 in Armour
   322 | D:1      | Reached XP level 2. HP: 24/24 MP: 4/4
   326 | D:1      | Learned a level 2 spell: Blink
  1118 | D:1      | Reached XP level 3. HP: 15/30 MP: 4/6
  1384 | D:2      | Learned a level 2 spell: Shroud of Golubria
  1408 | D:2      | Noticed Jessica
  1429 | D:2      | Killed Jessica
  1429 | D:2      | Reached XP level 4. HP: 29/37 MP: 7/7
  1783 | D:3      | Found an iron altar of Okawaru.
  1794 | D:3      | Became a worshipper of Warmaster Okawaru
  2276 | D:1      | Learned a level 3 spell: Gell's Gravitas
  2406 | D:3      | Reached XP level 5. HP: 26/45 MP: 8/8
  2695 | D:3      | Found a bloodstained altar of Trog.
  2763 | D:3      | Noticed Terence
  2822 | D:3      | Killed Terence
  3246 | D:4      | Noticed a phantom
  3807 | D:3      | Upgraded the game from 0.22-a0-811-gbf23809 to 0.22-a0-825-ga28c36f
  3997 | D:4      | Reached skill level 1 in Invocations
  3997 | D:4      | Reached XP level 6. HP: 22/51 MP: 9/9
  4459 | D:5      | Entered Level 5 of the Dungeon
  5787 | D:5      | Reached * piety under Okawaru
  6441 | D:5      | Reached XP level 7. HP: 37/58 MP: 11/11
  6542 | D:4      | Found Soutis's Armour Shoppe.
  7958 | D:6      | Reached skill level 2 in Bows
  9028 | D:6      | Reached skill level 3 in Bows
  9305 | D:4      | Bought a +3 leather armour of fire resistance for 240 gold pieces
  9739 | D:4      | Reached skill level 4 in Bows
  9739 | D:4      | Reached XP level 8. HP: 37/67 MP: 12/12
  9743 | D:4      | Reached ** piety under Okawaru
 10105 | D:6      | Found a burning altar of Makhleb.
 10105 | D:6      | Noticed a green death
 10152 | D:6      | Reached skill level 5 in Bows
 10165 | D:6      | Upgraded the game from 0.22-a0-825-ga28c36f to 0.22-a0-831-g6c6de77
 10178 | D:6      | You fall through a shaft for 3 floors!
 10178 | D:9      | Found a staircase to the Orcish Mines.
 10178 | D:9      | Noticed Harold
 10225 | D:8      | Found a staircase to the Lair.
 10225 | D:8      | Noticed a komodo dragon
 10260 | D:5      | HP: 2/67 [killer bee (2)]
 10262 | D:5      | Succumbed to a killer bee's poison

Vault maps used:
D:1:      dpeg_arrival_stone_temple_mockup
D:2:      first_ration, uniq_jessica
D:3:      nicolae_overflow_crystal_walls, kennysheep_okawaru_gauntlet,
          uniq_terence
D:4:      serial_shops, shop
D:6:      portal_sewer_entry_e, makhleb_altar_promises_db
D:7:      minmay_temple_entry_trees, basic_altar, grunt_livestock, uniq_duvessa
D:8:      david_lair_shrubbed, nicolae_ossuary_entry_ruins
D:9:      orc_0_dummy, serial_shops, shop_fountains, uniq_joseph, uniq_harold

Skill      XL: |  1  2  3  4  5  6  7  8 |
---------------+-------------------------+-----
Armour         | 1 2 |  2.6
Spellcasting   | 2 3 |  3.1
Translocations | 3 4 |  4.0
Dodging        | 2 3 |  3.0
Fighting       | 3 4 |  4.9
Invocations    | 1 2 |  2.5
Bows           | 4 5 |  5.1
Polearms       | |  1.7
Throwing       | |  1.1

Action                   |  1- 3 |  4- 6 |  7- 9 || total
-------------------------+-------+-------+-------++-------
Melee: Spear             |    99 |   192 |       ||   291
       Kick              |    12 |    45 |    12 ||    69
       Dagger            |       |    23 |    17 ||    40
       Trident           |       |    68 |    64 ||   132
 Fire: Shortbow          |       |       |   100 ||   100
Throw: Tomahawk          |    12 |    12 |     2 ||    26
 Cast: Shroud of Golubri |       |     2 |     2 ||     4
       Blink             |       |     3 |     4 ||     7
  Use: Potion            |     2 |     1 |     4 ||     7
       Scroll            |     2 |     2 |     6 ||    10
  Eat: Chunk             |     1 |     4 |     7 ||    12
       Ration            |       |     3 |     1 ||     4
Armor: Leather armour    |    16 |    46 |    41 ||   103
Dodge: Dodged            |    38 |   127 |    63 ||   228
Block: Buckler           |     2 |     3 |       ||     5

Table legend:
 A = Spawn XP
 B = Non-spawn XP
 C = Spawn XP percentage of total XP
 D = Spawn monster count
 E = Non-spawn monster count
 F = Spawn count percentage of total count
 G = Total turns spent on level
                    A         B        C        D         E        F      G
               +---------+---------+-------+---------+---------+-------+---------
         Total |       0 |    1677 |   0.0 |       0 |     104 |   0.0 | 10262
               +---------+---------+-------+---------+---------+-------+---------
           D:1 |       0 |      75 |   0.0 |       0 |      18 |   0.0 |  1524
           D:2 |       0 |      72 |   0.0 |       0 |      19 |   0.0 |   686
           D:3 |       0 |     132 |   0.0 |       0 |      22 |   0.0 |  1332
           D:4 |       0 |     538 |   0.0 |       0 |      26 |   0.0 |  2711
           D:5 |       0 |     556 |   0.0 |       0 |      16 |   0.0 |  3297
           D:6 |       0 |     304 |   0.0 |       0 |       3 |   0.0 |   649
               +---------+---------+-------+---------+---------+-------+---------
